AoeStats
← AxingQuestions

Arena

504349134Analyzed
4v4 RM · 27d ago on Sep 5, 2026· 38m 42s· 8 players
Game mode
Random Map
Map size
Large (8 player)
Population
200
Speed
Normal
Resources
Standard
Victory
Conquest
Starting age
Dark Age
Ending age
Imperial Age
RankedLock teamsTeams togetherTeam positionsShared explorationLock speedFull tech treeHidden civsTurbo modeCheats
Victory
Defeat
🇹🇷 Vietnamese · Türkiye
1181
+16
🇹🇷 Turks · Türkiye
1180
+16
🇹🇷 Huns · Türkiye
1179
+17
🇹🇷 Burgundians · Türkiye
1178
+17
🇲🇽 Persians · Mexico
1207
-17
🇨🇦 Poles · Canada
1194
-17
🇺🇸 Bengalis · United States
1191
-16
🇺🇸 Magyars · United States
1168
-16
yusufcan5659
11:00 Feudal Age
12:13 Wheelbarrow
15:54 Castle Age
15:57 Scale Barding Armor
16:38 Husbandry
17:11 Chain Barding Armor
18:12 Forging
19:03 Cavalier
21:45 Iron Casting
24:02 Horse Collar
30:13 Loom
30:44 Hand Cart
30:14 Town Watch
30:59 Gold Mining
30:59 Double-Bit Axe
38:43 Imperial Age
38:14 Heavy Plow
Yuri
11:22 Feudal Age
15:56 Castle Age
14:28 Double-Bit Axe
20:34 Imperial Age
23:30 Padded Archer Armor
31:25 Bow Saw
33:18 Loom
34:08 Wheelbarrow
33:18 Town Watch
36:06 Hand Cart
35:51 Town Patrol
ShadoW
11:23 Feudal Age
15:09 Castle Age
13:14 Double-Bit Axe
13:41 Horse Collar
17:00 Bow Saw
17:15 Heavy Plow
20:21 Wheelbarrow
22:38 Fletching
22:49 Padded Archer Armor
23:03 Gold Mining
23:05 Stone Mining
23:53 Bodkin Arrow
25:18 Hand Cart
26:09 Gold Shaft Mining
29:32 Imperial Age
27:41 Scale Barding Armor
27:48 Thumb Ring
29:21 Leather Archer Armor
29:26 Chain Barding Armor
30:18 Ballistics
30:25 Bracer
31:35 Chemistry
31:16 Parthian Tactics
30:44 Heavy Cavalry Archer
31:01 Capped Ram
32:23 Siege Ram
34:29 Conscription
HAWK JAMOKA5956
6:36 Loom
10:53 Feudal Age
16:21 Castle Age
14:52 Double-Bit Axe
14:49 Horse Collar
19:14 Scale Mail Armor
19:09 Fletching
22:27 Wheelbarrow
24:12 Hand Cart
23:37 Pikeman
23:54 Elite Skirmisher
26:04 Squires
26:29 Bodkin Arrow
27:09 Bow Saw
27:01 Heavy Plow
27:28 Gold Mining
27:41 Padded Archer Armor
27:41 Town Watch
28:30 Arson
29:24 Ballistics
30:00 Chain Mail Armor
29:56 Forging
30:01 Leather Archer Armor
33:32 Imperial Age
31:04 Town Patrol
33:45 Imperial Skirmisher
33:46 Halberdier
35:50 Two-Man Saw
35:22 Crop Rotation
34:18 Crossbowman
35:04 Thumb Ring
35:40 Bracer
36:11 Ring Archer Armor
36:11 Plate Mail Armor
36:16 Iron Casting
35:15 Arbalester
37:11 Chemistry
gerardovalher
10:40 Feudal Age
12:16 Loom
14:58 Castle Age
13:20 Double-Bit Axe
15:28 Horse Collar
19:03 Elite Skirmisher
21:31 Gold Mining
22:22 Fletching
22:33 Padded Archer Armor
26:44 Bloodlines
26:34 Husbandry
AxingQuestions
10:38 Feudal Age
11:29 Loom
15:03 Castle Age
13:32 Double-Bit Axe
13:42 Horse Collar
16:29 Wheelbarrow
15:57 Heavy Plow
16:09 Bow Saw
22:36 Hand Cart
22:17 Gold Mining
24:31 Gold Shaft Mining
23:49 Stone Mining
28:48 Imperial Age
26:04 Town Watch
26:11 Town Watch
26:20 Treadmill Crane
26:57 Town Patrol
27:54 Masonry
28:42 Scale Barding Armor
28:47 Forging
29:35 Bloodlines
29:26 Husbandry
29:52 Chain Barding Armor
29:51 Fortified Wall
30:15 Architecture
29:12 Elite Battle Elephant
31:43 Iron Casting
32:17 Two-Man Saw
32:44 Plate Barding Armor
32:44 Conscription
33:28 Crop Rotation
34:56 Blast Furnace
34:51 Paiks
36:22 Fletching
36:58 Murder Holes
I'm Trying My Best
0:28 Loom
13:07 Feudal Age
13:35 Horse Collar
13:44 Double-Bit Axe
20:36 Castle Age
19:09 Scale Barding Armor
19:40 Scale Mail Armor
19:54 Bloodlines
19:49 Gold Mining
20:42 Light Cavalry
21:57 Bow Saw
22:43 Husbandry
22:58 Stone Mining
25:56 Gold Shaft Mining
25:41 Heavy Plow
28:27 Wheelbarrow
30:09 Chain Barding Armor
34:21 Imperial Age
Joe
11:59 Feudal Age
12:53 Double-Bit Axe
13:00 Horse Collar
16:20 Castle Age
16:22 Stone Mining
16:24 Gold Mining
20:50 Bow Saw
22:43 Heavy Plow
23:17 Loom
24:46 Wheelbarrow
23:56 Town Watch
24:43 Bloodlines
24:41 Husbandry
27:41 Scale Barding Armor
27:46 Forging
28:02 Fletching
27:39 Pikeman
28:20 Squires
30:39 Fortified Wall
30:49 Ballistics
30:08 Light Cavalry
31:35 Szlachta Privileges
31:16 Light Cavalry
Connection lost

Rejoining the realm…

Still unreachable

The connection could not be restored.

Session expired

The server has moved on; the page needs a fresh start.